 Dungeon Crawl Stone Soup version 0.27.1-1-g398f81649c (webtiles) character file.

Game seed: 5651552860533221942

107 Naeght the Poker (level 4, -6/32 (33) HPs)
             Began as a Merfolk Gladiator on Sept 10, 2021.
             Mangled by Purgy (8 damage)
             ... in a sewer.
             The game lasted 00:04:49 (2815 turns).

Naeght the Poker (Merfolk Gladiator)                Turns: 2815, Time: 00:04:49

HP:   -6/32 (33)    AC:  4    Str: 15    XL:     4   Next: 85%
MP:   4/4           EV: 16    Int:  7    God:
Gold: 65            SH:  0    Dex: 15    Spells: 3/3 levels left

rFire    . . .     SeeInvis .   a - +0 trident
rCold    . . .     Faith    .   (no shield)
rNeg     . . .     Spirit   .   b - +0 leather armour
rPois    .         Reflect  .   c - +0 helmet
rElec    .         Harm     .   (no cloak)
rCorr    .         Rampage  .   (no gloves)
Will     .....                  (boots currently unavailable)
Stlth    ++........             (no amulet)
HPRegen  0.10/turn              (no ring)
MPRegen  0.09/turn              (no ring)

@: lightly drained, very quick
A: nimble swimmer 2, mertail
a: no special abilities


You were in a sewer.
You visited 1 branch of the dungeon, and saw 3 of its levels.
You also visited: Sewer.

You collected 65 gold pieces.

Inventory:

Hand Weapons
 a - a +0 trident (weapon)
Missiles
 d - 2 throwing nets (quivered)
Armour
 b - a +0 leather armour (worn)
 c - a +0 helmet (worn)
Scrolls
 e - a scroll of fog {unknown}
 g - 6 scrolls of identify
 h - 2 scrolls of amnesia {unknown}
Potions
 i - 2 potions of curing {unknown}
 j - a potion of heal wounds {unknown}


   Skills:
 - Level 2.1 Fighting
 * Level 7.8 Polearms
 - Level 2.0 Throwing
 - Level 4.0 Dodging


You had 3 spell levels left.
You didn't know any spells.
Your spell library was empty.

Dungeon Overview and Level Annotations

Branches:
Dungeon (3/15)              Sewer (1/1)

Altars:

Shops:
D:1 [   D:2 (

Annotations:
Sewer Purgy


Innate Abilities, Weirdness & Mutations

You are quick and stealthy near water. (Stealth+, EV+, Speed+++)
Your lower body shifts to a powerful aquatic tail in water.


Message History

Purgy barely misses you. Purgy closely misses you.
Purgy claws you but does no damage.
You barely miss Purgy.
Purgy is heavily wounded.
Purgy barely misses you. Purgy claws you but does no damage. x2
You hit Purgy. You tail-slap Purgy, but do no damage.
Purgy is heavily wounded.
Purgy barely misses you. Purgy closely misses you. Purgy completely misses you.
You hit Purgy but do no damage.
Purgy is heavily wounded.
Purgy bites you. Purgy misses you. x2
You barely miss Purgy.
Purgy is heavily wounded.
Purgy misses you. Purgy claws you. Purgy completely misses you.
You barely miss Purgy.
Your tail-slap misses Purgy.
Purgy is heavily wounded.
Purgy bites you. Purgy closely misses you. x2
You barely miss Purgy.
Your tail-slap misses Purgy.
Purgy is heavily wounded.
Purgy bites you!
* * * LOW HITPOINT WARNING * * *
Purgy barely misses you. x2
You miss Purgy. You tail-slap Purgy.
Purgy is heavily wounded.
Purgy completely misses you. Purgy barely misses you. x2
You completely miss Purgy.
Your tail-slap misses Purgy.
Purgy is heavily wounded.
You closely miss Purgy.
Your tail-slap misses Purgy.
Purgy is heavily wounded.
Purgy bites you.
* * * LOW HITPOINT WARNING * * *
Purgy misses you. Purgy barely misses you.
You hit Purgy.
Purgy is heavily wounded.
Purgy bites you but does no damage. Purgy completely misses you.
Purgy misses you.
You puncture Purgy! You tail-slap Purgy.
Purgy is severely wounded.
Purgy bites you!
You die...

#≈ #≈# # #≈#
######## .##≈##
###.≈....###
.#.≈.#
###.≈..@T.≈..###
...≈.#
###.≈.≈≈####≈≈..≈#
...≈≈###.≈..≈###
###≈≈≈.≈#
##÷≈≈.≈.....##
#≈...≈.
...÷.###.≈..≈#
.≈≈.## ...≈.#
###.≈...# .##≈(
.#.≈.# ###..≈≈≈ ##
( .##)## ##....
###)# ####


You could see Purgy.

Vanquished Creatures
  4 adders
  A river rat (D:3)
  A worm (D:2)
  A dart slug (D:1)
  An orc (D:3)
  4 ball pythons
  4 endoplasms
  A giant cockroach (D:3)
  4 goblins
  3 hobgoblins
  7 jackals
  A quokka (D:2)
  9 bats
  3 frilled lizards
  7 kobolds
  5 rats
56 creatures vanquished.

Notes
Turn   | Place    | Note
-------+----------+-------------------------------------------
     0 | D:1      | Naeght the Merfolk Gladiator began the quest for the Orb.
     0 | D:1      | Reached XP level 1. HP: 16/16 MP: 1/1
   150 | D:1      | Reached skill level 5 in Polearms
   153 | D:1      | Reached XP level 2. HP: 22/22 MP: 2/2
   510 | D:1      | Found a faded altar of an unknown god.
   534 | D:1      | Found Piluomm's Armour Emporium.
   709 | D:1      | Reached skill level 6 in Polearms
   709 | D:1      | Reached XP level 3. HP: 26/27 MP: 3/3
  1249 | D:2      | Found Ucloprud's Weapon Emporium.
  1272 | D:2      | Reached XP level 4. HP: 26/33 MP: 4/4
  1369 | D:2      | Reached skill level 7 in Polearms
  2093 | D:3      | Found a glowing drain.
  2463 | Sewer    | Entered a sewer
  2781 | Sewer    | Noticed Purgy
  2815 | Sewer    | Mangled by Purgy

Illustrated notes

Levels and vault maps discovered:
D:1:      co_arrival_square_in_a_square_in_a_square, layout_loops_ring,
          basic_ecumenical_altar, serial_shops, nicolae_shop_behind_doors,
          hangedman_abyss_or_decor_lesser_grid
D:2:      layout_loops_ring, serial_shops, nicolae_diamond_shop
D:3:      layout_basic, xom_butterflies, portal_sewer_entry_c
Sewer:    sewer_the_moccasin

Skill      XL: |  1  2  3  4 |
---------------+-------------+-----
Polearms       | 5 6 7 |  7.8
Fighting       | |  2.1
Throwing       | |  2.0
Dodging        | |  4.0

Action                   |  1- 3 |  4- 6 || total
-------------------------+-------+-------++-------
Melee: Trident           |   117 |   124 ||   241
       Tailslap          |       |     7 ||     7
Throw: Throwing net      |       |     1 ||     1
  Use: Scroll            |       |     2 ||     2
 Stab: Sleeping          |       |     1 ||     1
Armor: Leather armour    |    41 |    24 ||    65
Dodge: Dodged            |    91 |    87 ||   178
